TOP OF THE 1ST |
Santa Fe Diablos batting - Pitching for Wichita Wranglers : RHP Robbie O'Neil
|
Pitching: RHP Robbie O'Neil
|
|
Batting: RHB Henning Huisman
|
0-0: SINGLE (Groundball, 34D)
|
Batting: RHB Robinson Pacheco
|
0-0: Swinging Strike 0-1: Swinging Strike 0-2: Ball 1-2: Ball 2-2: Ball 3-2: Base on Balls Henning Huisman to second
|
Batting: RHB Sadayoshi Kato
|
0-0: Called Strike Henning Huisman steals 3rd base Robinson Pacheco to second 0-1: Foul Ball, location: 2F 0-2: Foul Ball, location: 2F 0-2: Ball 1-2: Ball 2-2: SINGLE (Line Drive, 4D) Henning Huisman scores Robinson Pacheco to third
|
Batting: RHB Randy Sheppard
|
0-0: Called Strike 0-1: Fielders Choice at 2nd, 6-4 (Groundball, 6M) Robinson Pacheco scores
|
Batting: RHB Roberto Zamora
|
0-0: Called Strike 0-1: Foul Ball, location: 2F 0-2: Foul Ball, location: 2F 0-2: Ball 1-2: SINGLE (Line Drive, 89S) Randy Sheppard to second
|
Batting: LHB Roberto Sandoval
|
0-0: Ball Randy Sheppard steals 3rd base Roberto Zamora to second 1-0: Called Strike 1-1: Foul Ball, location: 2F 1-2: Strikes out swinging
|
Batting: RHB Diego Francisco
|
0-0: Called Strike 0-1: Foul Ball, location: 2F 0-2: Ball 1-2: Ball 2-2: Strikes out swinging
|
Top of the 1st over - 2 run(s), 3 hit(s), 0 error(s), 2 left on base; Santa Fe 2 - Wichita 0 |
BOTTOM OF THE 1ST |
Wichita Wranglers batting - Pitching for Santa Fe Diablos : RHP David Green
|
Pitching: RHP David Green
|
|
Batting: LHB Jesús Tobías
|
0-0: Called Strike 0-1: Ball 1-1: Ball 2-1: Foul Ball, location: 2F 2-2: Strikes out swinging
|
Batting: LHB Mario Cornelo
|
0-0: Called Strike 0-1: Fly out, F9 (Flyball, 89D)
|
Batting: LHB Elliott Newell
|
0-0: Fly out, F5 (Popup, 5L)
|
Bottom of the 1st over - 0 run(s), 0 hit(s), 0 error(s), 0 left on base; Santa Fe 2 - Wichita 0 |
TOP OF THE 2ND |
Santa Fe Diablos batting - Pitching for Wichita Wranglers : RHP Robbie O'Neil
|
Batting: RHB Jorge Rodríguez
|
0-0: Ball 1-0: Fly out, F8 (Flyball, 8LXD)
|
Batting: LHB Juan Ontiveros
|
0-0: Foul Ball, location: 2F 0-1: Called Strike 0-2: Strikes out swinging
|
Batting: RHB Henning Huisman
|
0-0: Foul Ball, location: 2F 0-1: Called Strike 0-2: Strikes out swinging
|
Top of the 2nd over - 0 run(s), 0 hit(s), 0 error(s), 0 left on base; Santa Fe 2 - Wichita 0 |
BOTTOM OF THE 2ND |
Wichita Wranglers batting - Pitching for Santa Fe Diablos : RHP David Green
|
Batting: RHB Cho-yun Qiao
|
0-0: Ball 1-0: Ball 2-0: Called Strike 2-1: Called Strike 2-2: Strikes out swinging
|
Batting: LHB Mike Callahan
|
0-0: Ball 1-0: Ball 2-0: Ball 3-0: Base on Balls
|
Batting: RHB George Clark
|
0-0: Called Strike 0-1: Swinging Strike 0-2: Ball 1-2: Ball 2-2: Strikes out looking
|
Batting: RHB Don Thomas
|
0-0: Ground out 6-3 (Groundball, 6)
|
Bottom of the 2nd over - 0 run(s), 0 hit(s), 0 error(s), 1 left on base; Santa Fe 2 - Wichita 0 |
TOP OF THE 3RD |
Santa Fe Diablos batting - Pitching for Wichita Wranglers : RHP Robbie O'Neil
|
Batting: RHB Robinson Pacheco
|
0-0: Ball 1-0: Ball 2-0: Ball 3-0: Called Strike 3-1: Base on Balls
|
Batting: RHB Sadayoshi Kato
|
0-0: Called Strike 0-1: Ball 1-1: Ball 2-1: Swinging Strike 2-2: Ball 3-2: Grounds out, U3 (Groundball, 3L)
|
Batting: RHB Randy Sheppard
|
0-0: Ground out 6-3 (Groundball, 6)
|
Batting: RHB Roberto Zamora
|
0-0: Swinging Strike 0-1: Ball 1-1: Foul Ball, location: 2F 1-2: Ball 2-2: Strikes out swinging
|
Top of the 3rd over - 0 run(s), 0 hit(s), 0 error(s), 1 left on base; Santa Fe 2 - Wichita 0 |
BOTTOM OF THE 3RD |
Wichita Wranglers batting - Pitching for Santa Fe Diablos : RHP David Green
|
Batting: RHB Anthony Rucker
|
0-0: Ball 1-0: Ball 2-0: Foul Ball, location: 2F 2-1: Swinging Strike 2-2: Strikes out swinging
|
Batting: RHB Jim Beck
|
0-0: Called Strike 0-1: Ball 1-1: Called Strike 1-2: Strikes out looking
|
Batting: LHB Jesús Tobías
|
0-0: Called Strike 0-1: Ball 1-1: Foul Ball, location: 2F 1-2: Ball 2-2: Strikes out swinging
|
Bottom of the 3rd over - 0 run(s), 0 hit(s), 0 error(s), 0 left on base; Santa Fe 2 - Wichita 0 |
TOP OF THE 4TH |
Santa Fe Diablos batting - Pitching for Wichita Wranglers : RHP Robbie O'Neil
|
Batting: LHB Roberto Sandoval
|
0-0: Ball 1-0: Ball 2-0: Ground out 3-1 (Groundball, 34S)
|
Batting: RHB Diego Francisco
|
0-0: Ball 1-0: Ball 2-0: Fly out, F9 (Flyball, 89M)
|
Batting: RHB Jorge Rodríguez
|
0-0: Ball 1-0: Swinging Strike 1-1: Foul Ball, location: 2F 1-2: Strikes out swinging
|
Top of the 4th over - 0 run(s), 0 hit(s), 0 error(s), 0 left on base; Santa Fe 2 - Wichita 0 |
BOTTOM OF THE 4TH |
Wichita Wranglers batting - Pitching for Santa Fe Diablos : RHP David Green
|
Batting: LHB Mario Cornelo
|
0-0: Called Strike 0-1: DOUBLE (Line Drive, 7LM)
|
Batting: LHB Elliott Newell
|
0-0: Ball 1-0: Ball 2-0: Ball 3-0: Base on Balls
|
Batting: RHB Cho-yun Qiao
|
0-0: Called Strike 0-1: Ball 1-1: Foul Ball, location: 2F 1-2: Ball 2-2: Strikes out swinging
|
Batting: LHB Mike Callahan
|
0-0: Foul Ball, location: 2F 0-1: 3-RUN HOME RUN (Flyball, 9D), Distance : 361 ft
|
Batting: RHB George Clark
|
0-0: Called Strike 0-1: Ball 1-1: Ball 2-1: Ball 3-1: Base on Balls
|
Batting: RHB Don Thomas
|
0-0: Foul Ball, location: 2F 0-1: Swinging Strike 0-2: Ball 1-2: Strikes out looking
|
Batting: RHB Anthony Rucker
|
0-0: Called Strike George Clark is caught stealing 2nd base
|
Bottom of the 4th over - 3 run(s), 2 hit(s), 0 error(s), 0 left on base; Santa Fe 2 - Wichita 3 |
TOP OF THE 5TH |
Santa Fe Diablos batting - Pitching for Wichita Wranglers : RHP Robbie O'Neil
|
Batting: LHB Juan Ontiveros
|
0-0: Called Strike 0-1: Ball 1-1: Ball 2-1: Fly out, F5 (Popup, 5DF)
|
Batting: RHB Henning Huisman
|
0-0: Swinging Strike 0-1: Foul Ball, location: 2F 0-2: Strikes out swinging
|
Batting: RHB Robinson Pacheco
|
0-0: Ball 1-0: Called Strike 1-1: Ball 2-1: Ball 3-1: Base on Balls
|
Batting: RHB Sadayoshi Kato
|
0-0: Foul Ball, location: 2F 0-1: Ball 1-1: Foul Ball, location: 2F 1-2: Ball 2-2: Foul Ball, location: 2F 2-2: Foul Ball, location: 2F 2-2: Fly out, F9 (Line Drive, 9S)
|
Top of the 5th over - 0 run(s), 0 hit(s), 0 error(s), 1 left on base; Santa Fe 2 - Wichita 3 |
BOTTOM OF THE 5TH |
Wichita Wranglers batting - Pitching for Santa Fe Diablos : RHP David Green
|
Batting: RHB Anthony Rucker
|
0-0: Called Strike 0-1: Ball 1-1: Foul Ball, location: 2F 1-2: Strikes out looking
|
Batting: RHB Jim Beck
|
0-0: Ball 1-0: Ball 2-0: Ground out 4-3 (Groundball, 4)
|
Batting: LHB Jesús Tobías
|
0-0: Foul Ball, location: 2F 0-1: Ball 1-1: Swinging Strike 1-2: DOUBLE (Line Drive, 9LS)
|
Batting: LHB Mario Cornelo
|
0-0: Called Strike 0-1: Ball 1-1: Ball 2-1: Swinging Strike 2-2: Ground out 1-3 (Groundball, 13S)
|
Bottom of the 5th over - 0 run(s), 1 hit(s), 0 error(s), 1 left on base; Santa Fe 2 - Wichita 3 |
TOP OF THE 6TH |
Santa Fe Diablos batting - Pitching for Wichita Wranglers : RHP Robbie O'Neil
|
Pitching: RHP David Pérez
|
|
Batting: RHB Randy Sheppard
|
0-0: Ball 1-0: Ball 2-0: SINGLE (Line Drive, 7S)
|
Batting: RHB Roberto Zamora
|
0-0: Ball 1-0: Ball 2-0: Ball 3-0: Called Strike 3-1: Fly out, F2 (Popup, 2RF)
|
Batting: LHB Roberto Sandoval
|
0-0: Ball 1-0: Ball Randy Sheppard is caught stealing 2nd base 2-0: Ball 3-0: Called Strike 3-1: Ground out 1-3 (Groundball, 13)
|
Top of the 6th over - 0 run(s), 1 hit(s), 0 error(s), 0 left on base; Santa Fe 2 - Wichita 3 |
BOTTOM OF THE 6TH |
Wichita Wranglers batting - Pitching for Santa Fe Diablos : RHP David Green
|
Batting: LHB Elliott Newell
|
0-0: Called Strike 0-1: Ball 1-1: SINGLE (Groundball, 34D)
|
Batting: RHB Cho-yun Qiao
|
0-0: Ball 1-0: Fielders Choice at 2nd, 4-6 (Groundball, 4)
|
Batting: LHB Mike Callahan
|
0-0: Ball 1-0: Called Strike 1-1: DOUBLE (Line Drive, 9LD) Cho-yun Qiao to third Runner from 3rd tries for Home, SAFE, no throw or cutoff
|
Batting: RHB George Clark
|
0-0: Swinging Strike Balk! Mike Callahan to third 0-1: Ball 1-1: Foul Ball, location: 2F 1-2: SINGLE (Flyball, 8LS) Mike Callahan scores
|
Batting: RHB Don Thomas
|
0-0: SINGLE (Groundball, 56) George Clark to second
|
Batting: RHB Anthony Rucker
|
0-0: Ball 1-0: Ball 2-0: Foul Ball, location: 2F 2-1: Ball 3-1: Foul Ball, location: 2F 3-2: Ground out 5-3 (Groundball, 15S) George Clark to third Don Thomas to second
|
Pitching: RHP Gary Grimes
|
|
Batting: RHB Jim Beck
|
0-0: Ball 1-0: Ball 2-0: Ground out 6-3 (Groundball, 6M)
|
Bottom of the 6th over - 2 run(s), 4 hit(s), 0 error(s), 2 left on base; Santa Fe 2 - Wichita 5 |
TOP OF THE 7TH |
Santa Fe Diablos batting - Pitching for Wichita Wranglers : RHP David Pérez
|
Batting: RHB Diego Francisco
|
0-0: Ground out 6-3 (Groundball, 6)
|
Batting: RHB Jorge Rodríguez
|
0-0: Swinging Strike 0-1: Ball 1-1: Ball 2-1: SINGLE (Groundball, 4)
|
Batting: LHB Juan Ontiveros
|
0-0: Ball 1-0: Called Strike 1-1: Ball Jorge Rodríguez steals 2nd base 2-1: Swinging Strike 2-2: Strikes out looking
|
Batting: RHB Henning Huisman
|
0-0: Fly out, F8 (Flyball, 8RXD)
|
Top of the 7th over - 0 run(s), 1 hit(s), 0 error(s), 1 left on base; Santa Fe 2 - Wichita 5 |
BOTTOM OF THE 7TH |
Wichita Wranglers batting - Pitching for Santa Fe Diablos : RHP Gary Grimes
|
Batting: LHB Jesús Tobías
|
0-0: Fly out, F7 (Popup, 5D)
|
Batting: LHB Mario Cornelo
|
0-0: Ball 1-0: Swinging Strike 1-1: Swinging Strike 1-2: Ball 2-2: Fly out, F8 (Flyball, 8LS)
|
Batting: LHB Elliott Newell
|
0-0: Called Strike 0-1: Swinging Strike 0-2: Foul Ball, location: 2F 0-2: Strikes out swinging
|
Bottom of the 7th over - 0 run(s), 0 hit(s), 0 error(s), 0 left on base; Santa Fe 2 - Wichita 5 |
TOP OF THE 8TH |
Santa Fe Diablos batting - Pitching for Wichita Wranglers : RHP David Pérez
|
Pitching: RHP Augusto Muñíz
|
|
Batting: RHB Robinson Pacheco
|
0-0: SINGLE (Line Drive, 6MD)
|
Batting: RHB Sadayoshi Kato
|
0-0: Ball 1-0: Called Strike 1-1: Ball 2-1: Ball 3-1: Foul Ball, location: 2F 3-2: Base on Balls Robinson Pacheco to second
|
Batting: RHB Randy Sheppard
|
0-0: Called Strike 0-1: Fly out, F9 (Flyball, 9M)
|
Batting: RHB Roberto Zamora
|
0-0: Ball 1-0: Called Strike 1-1: Called Strike 1-2: Strikes out looking
|
Batting: LHB Roberto Sandoval
|
0-0: Called Strike 0-1: Ball 1-1: Foul Ball, location: 2F 1-2: SINGLE (Flyball, 8RS) Robinson Pacheco to third Sadayoshi Kato to second Runner from 3rd tries for Home, SAFE, no throw or cutoff
|
Batting: RHB Diego Francisco
|
0-0: Swinging Strike 0-1: Foul Ball, location: 2F 0-2: Foul Ball, location: 2F 0-2: Ball 1-2: Ball 2-2: Ball 3-2: Fly out, F3 (Popup, 3F)
|
Top of the 8th over - 1 run(s), 2 hit(s), 0 error(s), 2 left on base; Santa Fe 3 - Wichita 5 |
BOTTOM OF THE 8TH |
Wichita Wranglers batting - Pitching for Santa Fe Diablos : RHP Gary Grimes
|
Batting: RHB Cho-yun Qiao
|
0-0: Called Strike 0-1: Foul Ball, location: 2F 0-2: Ground out 6-3 (Groundball, 6)
|
Batting: LHB Mike Callahan
|
0-0: Ball 1-0: Foul Ball, location: 2F 1-1: Ball 2-1: Swinging Strike 2-2: Ball 3-2: Base on Balls
|
Batting: RHB George Clark
|
0-0: Ball 1-0: Ball 2-0: Called Strike 2-1: Called Strike 2-2: Ball 3-2: Base on Balls Mike Callahan to second
|
Batting: RHB Don Thomas
|
0-0: Ball 1-0: Ball 2-0: Fly out, F9 (Flyball, 9M)
|
Pinch Hitting: LHB Bob Greene
|
0-0: Called Strike 0-1: DOUBLE (Line Drive, 8RD) Mike Callahan scores George Clark to third
|
Batting: RHB Jim Beck
|
0-0: Ball 1-0: Ball 2-0: Ball 3-0: Called Strike 3-1: Foul Ball, location: 2F 3-2: Foul Ball, location: 2F 3-2: Strikes out swinging
|
Bottom of the 8th over - 1 run(s), 1 hit(s), 0 error(s), 2 left on base; Santa Fe 3 - Wichita 6 |
TOP OF THE 9TH |
Santa Fe Diablos batting - Pitching for Wichita Wranglers : RHP Augusto Muñíz
|
Pitching: LHP Tommy Campbell
|
|
Now in LF: Bob Greene
|
|
Batting: RHB Jorge Rodríguez
|
0-0: Ball 1-0: Swinging Strike 1-1: Ball 2-1: Foul Ball, location: 2F 2-2: Ball 3-2: Ground out 6-3 (Groundball, 6)
|
Batting: LHB Juan Ontiveros
|
0-0: Foul Ball, location: 2F 0-1: Foul Ball, location: 2F 0-2: Foul Ball, location: 2F 0-2: Strikes out looking
|
Batting: RHB Henning Huisman
|
0-0: Ball 1-0: Called Strike 1-1: Ball 2-1: Ball 3-1: Foul Ball, location: 2F 3-2: Foul Ball, location: 2F 3-2: Foul Ball, location: 2F 3-2: Ground out 5-3 (Groundball, 5)
|
Top of the 9th over - 0 run(s), 0 hit(s), 0 error(s), 0 left on base; Santa Fe 3 - Wichita 6 |
|